 Dungeon Crawl Stone Soup version 0.29-a0-643-ga013cefcf8 (webtiles) character file.

Game seed: 4887673113878353906

767 mandarbmax the Scholar of Death (level 7, -5/56 HPs)
             Began as a Demonspawn Necromancer on June 19, 2022.
             Was a Follower of Kikubaaqudgha.
             Slain by an ice beast (12 damage)
             ... on level 5 of the Dungeon.
             The game lasted 00:11:39 (5333 turns).

mandarbmax the Scholar of Death (DsNe)              Turns: 5333, Time: 00:11:39

Health: -5/56      AC: 11    Str:  9    XL:     7   Next: 52%
Magic:  9/13       EV: 12    Int: 18    God:    Kikubaaqudgha [*.....]
Gold:   277        SH:  0    Dex: 13    Spells: 9/14 levels left

rFire   + . .      SeeInvis .   o - +4 quarterstaff (chaos)
rCold   . . .      Faith    +   (shield currently unavailable)
rNeg    . . .      Spirit   .   a - +0 robe
rPois   .          Reflect  .   (no helmet)
rElec   .          Harm     .   k - +0 cloak
rCorr   .          Rampage  .   (no gloves)
Will    .....                   (no boots)
Stlth   ++........              d - amulet of faith
HPRegen 0.18/turn               i - ring of fire
MPRegen 0.13/turn               n - +4 ring of protection

@: animating dead
A: icy blue scales 3, powered by pain 1
a: Renounce Religion, Unearth Wretches


You were on level 5 of the Dungeon.
You worshipped Kikubaaqudgha.
Kikubaaqudgha was aware of your devotion.
You visited 2 branches of the dungeon, and saw 6 of its levels.

You collected 277 gold pieces.

Inventory:

Hand Weapons
 e - a +1 long sword
 o - a +4 quarterstaff of chaos (weapon)
Armour
 a - a +0 robe (worn)
 k - a +0 cloak (worn)
Jewellery
 d - an amulet of faith (around neck)
 i - a ring of fire (left hand)
 j - an amulet of regeneration
 n - a +4 ring of protection (right hand)
Scrolls
 f - a scroll of magic mapping
 l - a scroll of summoning
Potions
 b - 4 potions of magic
 c - a potion of lignification
 h - a potion of brilliance


   Skills:
 - Level 5.0 Fighting
 + Level 2.6 Dodging
 - Level 1.7 Stealth
 - Level 4.0 Spellcasting
 - Level 7.0 Necromancy


You had 9 spell levels left.
You knew the following spells:

 Your Spells              Type           Power      Damage    Failure   Level
a - Necrotize             Necr           100%       1d9       1%          1
b - Animate Dead          Necr           28%        N/A       9%          4

Your spell library contained the following spells:

 Spells                   Type           Power      Damage    Failure   Level
 Sublimation of Blood     Necr           28%        N/A       1%          2
 Vampiric Draining        Necr           28%        2d8       2%          3
 Magic Dart               Conj           12%        1d3       14%         1
 Searing Ray              Conj           6%         2d4       22%         2
 Agony                    Necr           28%        N/A       22%         5
 Conjure Flame            Conj/Fire      5%         6-21      41%         3
 Ignite Poison            Fire/Tmut/Pois 5%         N/A       41%         3
 Portal Projectile        Hex/Tloc       6%         N/A       41%         3
 Tukima's Dance           Hex            3%         N/A       41%         3
 Fulminant Prism          Conj/Hex       1%         3d6       82%         4
 Sticky Flame             Conj/Fire      5%         2d3       82%         4
 Blade Hands              Tmut           1%         N/A       99%         5


Dungeon Overview and Level Annotations

Branches:
Dungeon (5/15)             Temple (1/1) D:4

Altars:
Dithmenos
Elyvilon
Kikubaaqudgha
Makhleb
Qazlal
Ru
Sif Muna
Xom
Yredelemnul


Innate Abilities, Weirdness & Mutations

You are completely covered in icy blue scales. (AC +4, rC+)
You sometimes gain a little power by taking damage.


Message History

You add the spell Sublimation of Blood to your library.
The dead are walking!
You feel very sick. The orc misses you. The ice beast hits your orc zombie.
The ice beast freezes your orc zombie.
Your orc zombie resists.
Your orc wizard zombie hits the orc but does no damage.
Okay, then.
You feel better. The ice beast hits your orc zombie.
Your orc zombie is destroyed!
The orc closely misses you.
Your orc wizard zombie hits the orc but does no damage.
You hit the orc.
The orc is poisoned.
The orc is heavily wounded.
The orc hits you but does no damage.
Your orc zombie barely misses the orc.
The orc closely misses you.
Your orc wizard zombie hits the orc but does no damage.
Your orc zombie hits the orc.
The orc dies!
Kikubaaqudgha accepts your kill.
The dead are walking!
Unknown command.
You hit the ice beast.
The ice beast flickers and vanishes!
Deactivating autopickup; reactivate with Ctrl-A.
Something hits you but does no damage.
You hit something. Something hits you but does no damage.
You barely miss something.
Something hits you but does no damage. x2
You miss something. Something hits you. Something freezes you!
You closely miss something. Something hits you.
* * * LOW HITPOINT WARNING * * *
Something freezes you!
* * * LOW HITPOINT WARNING * * *
Okay, then.
You aren't carrying any items that you can evoke.
As you read the scroll labelled SIONUO DANUES, it crumbles to dust.
The scroll dissolves into smoke.
It was a scroll of fog.
Something hits you.
* * * LOW HITPOINT WARNING * * *
Something freezes you!
You die...
Kikubaaqudgha rasps: "You have failed me!
Welcome... death!"

###. .. .#.# #.#
#)#.. .. #.# #.#
#. #.# #.# #. #.#
#.# #< #.# #.# #.
#§# #.# #. #§#
#Z######.##@#
#Z§)....ZZZ{#
########.#§§§.....
#.##.###### #. #.#
#. ..# ## #.# #.#
.#


You could see a friendly orc zombie and a friendly orc wizard zombie.

Vanquished Creatures
  2 ogres
  A phantom (D:5)
  3 orc priests
  A jelly (D:5)
  Crazy Yiuf (D:4)
  An iguana (D:5)
  4 orc wizards
  7 gnolls
  7 adders
  An ufetubus (D:4)
  A worm (D:2)
  2 dart slugs (D:2)
  13 orcs
  5 bats
  3 endoplasms
  4 giant cockroaches
  7 goblins
  8 hobgoblins
  3 quokkas
  5 ball pythons
  A frilled lizard (D:2)
  7 kobolds
  4 rats
91 creatures vanquished.

Vanquished Creatures (collateral kills)
  A gnoll (D:3)
  An ufetubus (D:5)
  An orc (D:5)
  An endoplasm (D:4)
  A ball python (D:4)
5 creatures vanquished.

Vanquished Creatures (others)
  2 orc zombies (D:5)
  2 plants (D:2)
4 creatures vanquished.

Grand Total: 100 creatures vanquished

Notes
Turn   | Place    | Note
-------+----------+-------------------------------------------
     0 | D:1      | mandarbmax the Demonspawn Necromancer began the quest for
                  | the Orb.
     0 | D:1      | Reached XP level 1. HP: 13/13 MP: 3/3
   362 | D:1      | Gained mutation: You are partially covered in icy blue
                  | scales. (AC +2) [demonic ancestry]
   362 | D:1      | Reached XP level 2. HP: 19/19 MP: 3/5
   576 | D:1      | Reached skill level 5 in Necromancy
  1106 | D:2      | Reached XP level 3. HP: 24/24 MP: 2/7
  1821 | D:3      | Found a faded altar of an unknown god.
  1957 | D:3      | Gained mutation: You are mostly covered in icy blue scales.
                  | (AC +3) [demonic ancestry]
  1957 | D:3      | Reached XP level 4. HP: 30/30 MP: 4/9
  2340 | D:3      | Gained mutation: You sometimes gain a little power by
                  | taking damage. [demonic ancestry]
  2340 | D:3      | Reached XP level 5. HP: 35/35 MP: 1/11
  2345 | D:3      | Learned a level 4 spell: Animate Dead
  2925 | D:4      | Noticed an ogre
  2935 | D:4      | Killed an ogre
  2936 | D:4      | Reached skill level 7 in Necromancy
  2936 | D:4      | Gained mutation: You are completely covered in icy blue
                  | scales. (AC +4, rC+) [demonic ancestry]
  2936 | D:4      | Reached XP level 6. HP: 3/42 MP: 12/12
  3245 | D:4      | Reached skill level 1 in Fighting
  3268 | D:4      | HP: 2/44 [poisoned by a gnoll]
  3271 | D:4      | Found a staircase to the Ecumenical Temple.
  3283 | Temple   | Entered the Ecumenical Temple
  3633 | Temple   | Became a worshipper of Kikubaaqudgha
  3876 | D:4      | Found a runed translucent door.
  3877 | D:4      | Noticed Crazy Yiuf
  3894 | D:4      | You fall into a shaft and drop 1 floor!
  3894 | D:5      | Entered Level 5 of the Dungeon
  4029 | D:5      | Reached XP level 7. HP: 52/52 MP: 8/13
  5018 | D:4      | Killed Crazy Yiuf
  5320 | D:5      | Reached skill level 5 in Fighting
  5324 | D:5      | Reached * piety under Kikubaaqudgha
  5324 | D:5      | Received a gift from Kikubaaqudgha
  5333 | D:5      | Slain by an ice beast

Illustrated notes

Levels and vault maps discovered:
D:1:      onia_arrival_mini_spirals, layout_rooms
D:2:      layout_loops_ring, minmay_misc_feat_pillars, serial_bayou_pond_b
D:3:      layout_loops_ring, basic_ecumenical_altar
D:4:      layout_cave_pods, elyvilon_altar_1, minmay_temple_entry_trees,
          st_stairs_3, kennysheep_generic_room_10, uniq_crazy_yiuf_cottage
D:5:      layout_loops_ring, solitary_fountain, uniq_sigmund, uniq_menkaure
Temple:   mainiacjoe_temple_archimedes_tessellation

Skill      XL: |  1  2  3  4  5  6  7 |
---------------+----------------------+-----
Dodging        | 2 |  2.6
Necromancy     | 5 7 |  7.0
Spellcasting   | 3 4 |  4.0
Fighting       | 3 5 |  5.0
Stealth        | |  1.7

Action                   |  1- 3 |  4- 6 |  7- 9 || total
-------------------------+-------+-------+-------++-------
Melee: Long sword        |     3 |    13 |    27 ||    43
       Quarterstaff      |       |       |    23 ||    23
 Cast: Necrotize         |    67 |    64 |    39 ||   170
       Animate Dead      |       |     2 |     2 ||     4
  Use: Scroll            |     4 |     3 |     2 ||     9
       Potion            |     1 |     1 |     2 ||     4
Armor: Robe              |     4 |     6 |    22 ||    32
Dodge: Dodged            |    19 |    23 |    32 ||    74

Table legend: (Time is in decaauts)
 A = Elapsed time spent in this place.
 B = Non-inter-level travel time spent in this place.
 C = Inter-level travel time spent in this place.
 D = Time resting spent in this place.
 E = Time spent auto-exploring this place.
 F = Levels seen in this place.
 G = Mean time per level.
                   A        B        C        D        E       F      G
               +--------+--------+--------+--------+--------+-----+--------+
         Total |   5346 |   5094 |    252 |     63 |   4376 |   6 |  891.0 |
       Dungeon |   4937 |   4743 |    194 |     63 |   4038 |   5 |  987.4 |
        Temple |    408 |    350 |     58 |      0 |    338 |   1 |  408.0 |
               +--------+--------+--------+--------+--------+-----+--------+

Top non-repeatable levels by time:
     D:4: 1881 daAuts
     D:2: 1073 daAuts
     D:3: 915 daAuts
     D:1: 721 daAuts
  Temple: 408 daAuts
     D:5: 346 daAuts
